 Dungeon Crawl Stone Soup version 0.28-a0-401-ge240ad9e29 (webtiles) character file.

Game seed: 6717996834077051955

12 omnomnOMINOUS the Sneak (level 2, -2/27 HPs)
             Began as an Octopode Wanderer on Sept 5, 2021.
             Frozen to death by an endoplasm (5 damage)
             ... on level 1 of the Dungeon.
             The game lasted 00:01:49 (215 turns).

omnomnOMINOUS the Sneak (Octopode Wanderer)          Turns: 215, Time: 00:01:50

Health: -2/27      AC: 21    Str: 10    XL:     2   Next: 33%
Magic:  2/2        EV:  2    Int: 15    God:
Gold:   0          SH:  0    Dex: 11    Spells: 1/1 levels left

rFire   . . .      SeeInvis .   a - +2 dagger
rCold   . . .      Faith    .   (no shield)
rNeg    + + +      Spirit   .   (helmet currently unavailable)
rPois   +          Reflect  .   (no amulet)
rElec   .          Harm     .   (no ring)
rCorr   .          Rampage  .   (no ring)
Will    .....      NoTele   +   (no ring)
Stlth   +++.......              (no ring)
HPRegen 0.09/turn               (no ring)
MPRegen 0.08/turn               (no ring)
                                (no ring)
                                (no ring)

@: tree-form
A: stationary, stasis, torment immunity, boosted hp, almost no armour,
(amphibious), 8 rings, (camouflage 1), (gelatinous body 1), (nimble swimmer 1),
(tentacles)
a: no special abilities


You were on level 1 of the Dungeon.
You were a tree.
You visited 1 branch of the dungeon, and saw 1 of its levels.

Inventory:

Hand Weapons
 a - a +2 dagger (weapon)
 c - a +0 spear
Missiles
 b - 3 curare-tipped darts (quivered)
Scrolls
 e - a scroll of teleportation {unknown}


   Skills:
 + Level 1.3 Fighting
 * Level 1.7 Long Blades
 - Level 1.0 Throwing
 + Level 2.2 Dodging
 - Level 6.6 Stealth


You had one spell level left.
You didn't know any spells.
Your spell library was empty.

Dungeon Overview and Level Annotations

Branches:
Dungeon (1/15)

Altars:


Innate Abilities, Weirdness & Mutations

You are a tree.
Your roots penetrate the ground, keeping you stationary.
You cannot be teleported.
You are immune to unholy pain and torment.
Your maximum health is greatly increased.
You cannot wear most types of armour.
((You are amphibious.))
You can wear up to eight rings at the same time.
((Your skin changes colour to match your surroundings (Stealth+).))
((Your rubbery body absorbs attacks. (AC +1, EV +1)))
((You are camouflaged near water. (Stealth+)))
((You have tentacles for arms and can constrict up to eight enemies at once.))


Message History

The jackal barely misses you. The hobgoblin closely misses you.
The jackal misses you. The jackal completely misses you.
You closely miss the jackal. Your grab misses the jackal.
The jackal is almost dead.
The jackal closely misses you. The hobgoblin completely misses you.
The jackal bites you but does no damage.
The jackal barely misses you. x2
You closely miss the jackal. Your grab misses the jackal.
The jackal is almost dead.
The jackal bites you. The jackal completely misses you. x2
The hobgoblin completely misses you. The endoplasm completely misses you.
You hit the jackal.
You kill the jackal!
The jackal bites you but does no damage.
The hobgoblin hits you but does no damage.
The endoplasm freezes you.
You are frozen.
The jackal closely misses you. The jackal bites you.
You hit the endoplasm. Your squeeze misses the endoplasm.
The endoplasm is severely wounded.
The jackal closely misses you. The jackal misses you. The hobgoblin hits you.
The jackal misses you. The endoplasm freezes you.
You are frozen.
The jackal bites you.
* * * LOW HITPOINT WARNING * * *
Really quaff the potion of lignification?
You turn into a tree.
Your roots penetrate the ground.
The jackal bites you.
* * * LOW HITPOINT WARNING * * *
The jackal bites you but does no damage. x2
The hobgoblin hits you but does no damage.
The endoplasm jiggles.
The endoplasm freezes you.
You are frozen.
* * * LOW HITPOINT WARNING * * *
You hit the endoplasm.
The endoplasm is almost dead.
The jackal bites you but does no damage. x3
The hobgoblin hits you but does no damage.
The endoplasm freezes you.
You are frozen.
You die...

#...#.....########.
#...#.....### #..
#........# #..
#...†....# #..
#........# ###
########........#
#....$......#####
##....J......#
.......♣h....#
##....hgh....#
######
#..........)#
#.....
.............#
#..<..
##...........#
#.....
#...........#
#'####
...............
#.#♣♣.
...............
#.#♣.♣ #.#♣.♣


You could see an endoplasm, 3 jackals and a hobgoblin.

Vanquished Creatures
  A dart slug (D:1)
  A ball python (D:1)
  An endoplasm (D:1)
  A giant cockroach (D:1)
  A goblin (D:1)
  A jackal (D:1)
  A bat (D:1)
  A frilled lizard (D:1)
  A kobold (D:1)
  A rat (D:1)
10 creatures vanquished.

Notes
Turn   | Place    | Note
-------+----------+-------------------------------------------
     0 | D:1      | omnomnOMINOUS the Octopode Wanderer began the quest for the
                  | Orb.
     0 | D:1      | omnomnOMINOUS set off with the following items: a +2
                  | dagger, 3 curare-tipped darts, a +0 spear, a potion of
                  | lignification
     0 | D:1      | Reached XP level 1. HP: 13/13 MP: 1/1
   101 | D:1      | Reached XP level 2. HP: 13/18 MP: 2/2
   215 | D:1      | Frozen to death by an endoplasm

Illustrated notes

Levels and vault maps discovered:
D:1:      scummos_arrival_gate, layout_basic,
          hellmonk_ecumenical_altar_pennies_from_heaven

Action                   || total
-------------------------++-------
Melee: Dagger            ||    19
       Constrict         ||     3
       Tentacles         ||     1
  Use: Potion            ||     1
 Stab: Sleeping          ||     5
Armor: Skin              ||    12
Dodge: Dodged            ||    21

Table legend: (Time is in decaauts)
 A = Elapsed time spent in this place.
 B = Non-inter-level travel time spent in this place.
 C = Inter-level travel time spent in this place.
 D = Time resting spent in this place.
 E = Time spent auto-exploring this place.
 F = Levels seen in this place.
 G = Mean time per level.
                   A        B        C        D        E       F      G
               +--------+--------+--------+--------+--------+-----+--------+
         Total |    214 |    214 |      0 |      0 |    154 |   1 |  214.0 |
       Dungeon |    214 |    214 |      0 |      0 |    154 |   1 |  214.0 |
               +--------+--------+--------+--------+--------+-----+--------+

Top non-repeatable levels by time:
     D:1: 214 daAuts
